cohdb
Replays
Latest Replays
All Replays
Popular Replays
Top Player Replays
Match Explorer
How It Works
Community
CoH3 Stats
Reddit
Sign in to upload your games and track your stats! →
Sign in with Steam
Match 45510724
Unlisted
Match 45510724
Overview
Messages
Build Orders
End
Engineer Squad
Construct Barracks
Selects Airborne Battlegroup
Selects Heavy Machine Gun Paradrop
1⁄4-ton 4x4 Truck
1⁄4-ton 4x4 Truck
Heavy Machine Gun Paradrop
Selects Paratrooper Squad Paradrop
Paratrooper Squad Paradrop
Mechanized Support Center
Paratrooper Squad Paradrop
Construct Motor Pool
M24 Chaffee Light Tank
Engineer Squad
Mortar Pit
Mortar Pit
Selects Anti-tank Gun Team Paradrop
Selects Recon Loiter
Selects Supply Drop
Recon Loiter
Construct Tank Depot
Paratrooper Squad Paradrop
.30 cal Machine Gun
M4A1 Sherman Medium Tank
Esxile
rice
Zyso
aka p.r.a.s.a.
0
0
Comments
sign in to comment!
No comments posted yet!